 Dungeon Crawl Stone Soup version 0.20.1-1-g8b1a95d (webtiles) character file.

233 karf the Skirmisher (level 5, -2/43 HPs)
             Began as a Demonspawn Fighter on Oct 30, 2017.
             Was an Initiate of Okawaru.
             Killed from afar by a white imp (8 damage)
             ... with a puff of frost
             ... summoned by Natasha
             ... on level 3 of the Dungeon on Oct 31, 2017.
             The game lasted 00:04:41 (1928 turns).

karf the Skirmisher (Demonspawn Fighter)            Turns: 1928, Time: 00:04:41

Health: -2/43      AC: 12    Str: 22    XL:     5   Next: 75%
Magic:  5/5        EV:  4    Int:  9    God:    Okawaru [......]
Gold:   144        SH:  9    Dex: 13    Spells: 4/4 levels left

rFire    . . .     SeeInvis .   a - +0 long sword
rCold    . . .     Gourm    .   c - +0 shield
rNeg     . . .     Faith    .   u - +0 plate armour
rPois    .         Spirit   .   (no helmet)
rElec    .         Reflect  .   (no cloak)
rCorr    .         Harm     .   t - +0 pair of gloves
MR       .....                  (no boots)
Stlth    ..........             (no amulet)
Regen    0.2/turn               (no ring)
MPRegen  0.1/turn               (no ring)

@: mighty, slowed, very slow
A: powered by death 2
a: Renounce Religion


You were on level 3 of the Dungeon.
You worshipped Okawaru.
Okawaru was noncommittal.
You were hungry.

You visited 1 branch of the dungeon, and saw 3 of its levels.

You collected 144 gold pieces.

Inventory:

Hand Weapons
 a - a +0 long sword (weapon)
Armour
 c - a +0 shield (worn)
 t - a +0 pair of gloves (worn)
 u - a +0 plate armour (worn)
Jewellery
 i - an uncursed ring of ice {unknown}
 k - an uncursed amulet of rage {unknown}
Scrolls
 e - 2 scrolls of enchant weapon {unknown}
 g - a scroll of remove curse {unknown}
 h - a scroll of random uselessness {unknown}
 m - 2 scrolls of identify {unknown}
 o - a scroll of noise {unknown}
 r - a scroll of magic mapping {unknown}
 s - a scroll of fear {unknown}
Potions
 d - a potion of might
 l - 4 potions of haste {unknown}
 n - 2 potions of cancellation {unknown}
 p - a potion of berserk rage {unknown}
 q - a potion of degeneration {unknown}
Comestibles
 f - 3 bread rations
 j - a meat ration


   Skills:
 * Level 4.5 Fighting
 + Level 3.0 Long Blades
 + Level 3.6 Armour
 + Level 3.5 Shields


You had 4 spell levels left.
You didn't know any spells.

Dungeon Overview and Level Annotations

Branches:
Dungeon (3/15)

Altars:
Dithmenos
Hepliaklqana
Kikubaaqudgha
Okawaru
Ru
Sif Muna
Uskayaw

Annotations:
D:3 Natasha


Innate Abilities, Weirdness & Mutations

You regenerate health from kills.


Message History

Your plate armour prevents you from hitting the crimson imp.
Natasha casts a spell at you. The magic dart hits you!
You closely miss Natasha.
Natasha is severely wounded.
The white imp gestures at you. The puff of frost hits you!
The shadow imp hits you.
* * * LOW HITPOINT WARNING * * *
You block the crimson imp's attack. Natasha claws you.
* * * LOW HITPOINT WARNING * * *
The white imp hits you but does no damage.
The shadow imp hits you but does no damage.
The crimson imp blinks!
Natasha claws you but does no damage.
You feel very mighty all of a sudden.
The white imp hits you but does no damage.
The shadow imp hits you but does no damage.
Natasha claws you but does no damage. The white imp gestures at you.
The puff of frost hits you!
You die...

#.PP##...#.##...........##
........##.#..#..#......#
........##.#...#........###
..##...###.#..............##
...#....##.................#
####........................
...........5................
........)รท..................
.#####..#.......@...........
.#####.#.......h55..........
...........................#
.......##......[..........##
........................##
.......##...............#
.......##...............
.......##...............
.....(.###........(....


You could see Natasha, a crimson imp, a white imp and a shadow imp.

Vanquished Creatures
  The ghost of arttle the Digger, an amateur GrEE (D:3)
  Natasha (twice) (D:3)
  6 adders
  A worm (D:2)
  A dart slug (D:1)
  A leopard gecko (D:2)
  2 orcs (D:3)
  5 bats
  2 giant cockroaches
  7 goblins
  11 hobgoblins
  4 jackals (D:2)
  4 frilled lizards
  5 kobolds
  5 rats
57 creatures vanquished.

Notes
Turn   | Place    | Note
-------+----------+-------------------------------------------
     0 | D:1      | karf the Demonspawn Fighter began the quest for the Orb.
     0 | D:1      | Reached XP level 1. HP: 18/18 MP: 1/1
   100 | D:1      | Gained mutation: You regenerate a little health from kills. [demonic ancestry]
   100 | D:1      | Reached XP level 2. HP: 20/24 MP: 2/2
   634 | D:2      | Reached XP level 3. HP: 22/29 MP: 3/3
   940 | D:2      | Found an iron altar of Okawaru.
   948 | D:2      | Became a worshipper of Warmaster Okawaru
  1018 | D:2      | Reached XP level 4. HP: 25/37 MP: 4/4
  1248 | D:3      | Found a shadowy altar of Dithmenos.
  1257 | D:3      | Found a sacrificial altar of Ru.
  1257 | D:3      | Found a deep blue altar of Sif Muna.
  1264 | D:3      | Found a hazy altar of Hepliaklqana.
  1326 | D:3      | Found a hide-covered altar of Uskayaw.
  1381 | D:3      | Noticed arttle's ghost (amateur GrEE)
  1390 | D:3      | Killed arttle's ghost
  1390 | D:3      | Reached skill level 4 in Fighting
  1390 | D:3      | Gained mutation: You regenerate health from kills. [demonic ancestry]
  1390 | D:3      | Reached XP level 5. HP: 18/42 MP: 5/5
  1571 | D:3      | Found an ancient bone altar of Kikubaaqudgha.
  1704 | D:3      | Noticed Natasha
  1712 | D:3      | Killed Natasha
  1756 | D:3      | Noticed Natasha
  1776 | D:3      | Killed Natasha
  1916 | D:3      | Noticed Natasha
  1928 | D:3      | Killed from afar by a white imp

Skill      XL: |  1  2  3  4  5 |
---------------+----------------+-----
Long Blades    | 2 3 |  3.0
Shields        | 3 |  3.5
Armour         | 3 |  3.6
Fighting       | 4 |  4.5

Action                   |  1- 3 |  4- 6 || total
-------------------------+-------+-------++-------
Melee: Long sword        |   123 |    87 ||   210
  Use: Potion            |       |     1 ||     1
  Eat: Chunk             |     1 |     2 ||     3
Armor: Scale mail        |    76 |    48 ||   124
       Plate armour      |       |    46 ||    46
Dodge: Dodged            |    41 |    35 ||    76
Block: Shield            |    70 |    64 ||   134
       Rpst.: Long sword |    15 |    13 ||    28
